 Dungeon Crawl Stone Soup version 0.17-a0-1773-ged48617 (webtiles) character file.

3807 MuMo the Covert (level 9, -9/73 HPs)
             Began as a Demonspawn Gladiator on Apr 23, 2016.
             Mangled by an orc warrior
             ... wielding a +2 dire flail of protection
              (12 damage)
             ... on level 2 of the Orcish Mines.
             The game lasted 00:15:01 (8154 turns).

MuMo the Covert (Demonspawn Gladiator)              Turns: 8154, Time: 00:15:01

Health: -9/73      AC:  8    Str: 15    XL:     9   Next: 96%
Magic:  9/9        EV: 15    Int: 11    God:
Gold:   577        SH:  9    Dex: 20    Spells: 0 memorised, 8 levels left

rFire  . . .     SeeInvis .     h - +6 dagger (venom)
rCold  . . .     Clarity  .     b - +0 leather armour
rNeg   + . .     SustAt   .     y - +0 shield
rPois  .         Gourm    .     c - +1 helmet
rElec  .         Spirit   .     r - +0 cloak
rCorr  .         Warding  .     g - +0 pair of gloves
rMut   +         Stasis   .     (no boots)
MR     .....                    q - amulet of resist mutation
Stlth  +++++.....               o - +4 ring of dexterity
                                H - ring of positive energy

@: not resistant to hostile enchantments, quite stealthy
A: claws 2, rugged brown scales 1, mutation resistance 1, nightstalker 1, robust
1, spiny 1, wild magic 1
a: no special abilities


You were on level 2 of the Orcish Mines.
You were not hungry.

You visited 3 branches of the dungeon, and saw 13 of its levels.
You also visited: Sewer.

You collected 707 gold pieces.
You spent 130 gold pieces at shops.

Inventory:

Hand weapons
 a - a +0 long sword
 h - a +6 dagger of venom (weapon)
 O - a +0 rapier
Missiles
 d - 3 throwing nets (quivered)
Armour
 b - a +0 leather armour (worn)
 c - a +1 helmet (worn)
 g - a +0 pair of gloves (worn)
 r - a +0 cloak (worn)
 y - a +0 shield (worn)
Jewellery
 k - an uncursed ring of see invisible
 o - a +4 ring of dexterity (right hand)
 q - an amulet of resist mutation (around neck)
 s - an uncursed ring of magical power
 H - a ring of positive energy (left hand)
Magical devices
 n - a wand of draining (6)
 p - a wand of polymorph (8)
 E - a wand of random effects (23)
 G - a wand of magic darts (19)
 I - a wand of heal wounds (5)
 M - a wand of magic darts (27)
Scrolls
 f - 8 scrolls of remove curse
 i - 5 scrolls of blinking
 m - a scroll of recharging
 x - 2 scrolls of teleportation
 K - a scroll of summoning {unknown}
 N - a scroll of silence {unknown}
Potions
 l - 2 potions of invisibility
 t - 3 potions of cancellation
 v - 4 potions of curing
 w - a potion of brilliance
 z - 6 potions of flight
 A - a potion of degeneration {unknown}
 B - a potion of haste
 F - a potion of poison
 J - a potion of ambrosia {unknown}
 L - 2 potions of might {unknown}
Comestibles
 e - 2 bread rations
 j - 5 meat rations
 u - a slice of pizza
 C - 2 fruits
 D - a beef jerky


   Skills:
 + Level 3.8 Fighting
 + Level 4.4(4.9) Short Blades
 - Level 3.0(4.2) Long Blades
 - Level 1.8 Throwing
 + Level 3.0 Armour
 + Level 6.8 Dodging
 * Level 9.2 Stealth
 + Level 3.6 Shields


You had 8 spell levels left.
You didn't know any spells.

Dungeon Overview and Level Annotations

Branches:
Dungeon (10/15)            Temple (1/1) D:4            Lair (0/8) D:10
    Orc (2/4) D:9

Shops:
D:10 !


Innate Abilities, Weirdness & Mutations

You have very sharp fingernails.
You are partially covered in rugged brown scales (AC +1, +3% HP).
You are slightly more attuned to the shadows.
You are partially covered in sharp spines.
You are somewhat resistant to further mutation.
You are robust (+10% HP).
Your spells are a little harder to cast, but a little more powerful.


Message History

Unknown command.
You are too injured to fight recklessly!
Unknown command.
You are too injured to fight recklessly!
Unknown command.
You are too injured to fight recklessly!
You are too injured to fight recklessly!
You hit the orc warrior but do no damage.
The orc warrior is moderately wounded.
The orc priest hits you but does no damage.
The orc warrior hits you with a dire flail of protection!
* * * LOW HITPOINT WARNING * * *
You barely miss the orc warrior.
The orc warrior is moderately wounded.
The orc priest is struck by your spines.
The orc priest hits you but does no damage.
You hit the orc warrior but do no damage.
The orc warrior is moderately wounded.
The orc warrior hits you with a dire flail of protection!
You die...

....#..........
....#......#.#
....##..$...###
...#
##.......#### ..
#........#.##
#.....##.....#
.......###.>).##
.......##
#))$..##
.......#
##)@o$.# ...#.#
#.o.### ...#
.....<.
.$........#
...........#
............<
.....##......


You could see an orc warrior and an orc priest.

Vanquished Creatures
  A komodo dragon (D:10)
  2 hippogriffs
  A warg (D:9)
  3 sky beasts
  4 orc warriors
  2 phantoms
  An eye of draining (D:10)
  An ice beast (D:8)
  An ogre (D:8)
  2 centaurs
  2 big kobolds
  2 giant frogs
  A wyvern skeleton (D:9)
  2 scorpions
  2 water moccasin skeletons
  A crimson imp (D:7)
  A quasit (D:9)
  A hound (D:7)
  2 giant frog skeletons
  4 jellies
  6 orc priests
  11 orc wizards
  6 worker ants
  3 iguanas
  A merfolk avatar (Sewer)
  A siren (Sewer)
  A mummy (D:8)
  A worker ant zombie (D:7)
  5 adders
  A shadow imp (D:8)
  3 oozes
  An adder skeleton (D:4)
  2 adder zombies
  51 orcs
  8 ball pythons
  9 giant cockroaches
  8 goblins
  8 hobgoblins
  16 jackals
  23 kobolds
  5 quokkas
  7 bats
  11 giant geckos
  A giant gecko zombie (D:5)
  13 giant newts
  A quokka skeleton (D:7)
  36 rats
275 creatures vanquished.

Notes
Turn   | Place    | Note
--------------------------------------------------------------
     0 | D:1      | MuMo the Demonspawn Gladiator began the quest for the Orb.
     0 | D:1      | Reached XP level 1. HP: 16/16 MP: 1/1
    31 | D:1      | Reached skill level 3 in Long Blades
    43 | D:1      | Gained mutation: You are slightly more attuned to the shadows. [demonic ancestry]
    43 | D:1      | Reached XP level 2. HP: 19/22 MP: 2/2
   680 | D:2      | Gained mutation: You are partially covered in rugged brown scales (AC +1, +3% HP). [demonic ancestry]
   680 | D:2      | Reached XP level 3. HP: 22/27 MP: 3/3
  1232 | D:2      | Reached skill level 1 in Stealth
  1308 | D:3      | Reached skill level 1 in Armour
  1308 | D:3      | Gained mutation: You have sharp fingernails. [demonic ancestry]
  1308 | D:3      | Reached XP level 4. HP: 12/35 MP: 4/4
  1631 | D:3      | Reached skill level 1 in Short Blades
  1631 | D:3      | Gained mutation: You are partially covered in sharp spines. [demonic ancestry]
  1631 | D:3      | Reached XP level 5. HP: 37/40 MP: 5/5
  1684 | D:3      | Found a white marble altar of Elyvilon.
  1814 | D:3      | Found a sparkling altar of Nemelex Xobeh.
  1944 | D:3      | Found a burning altar of Makhleb.
  1944 | D:3      | Noticed an Executioner
  2226 | D:4      | Found a staircase to the Ecumenical Temple.
  2235 | Temple   | Entered the Ecumenical Temple
  2453 | D:4      | Found a glowing drain.
  2458 | Sewer    | Entered a sewer
  2536 | Sewer    | Reached XP level 6. HP: 47/47 MP: 6/6
  2633 | Sewer    | Noticed a drowned soul
  2634 | Sewer    | Killed a drowned soul
  2637 | Sewer    | Noticed a drowned soul
  2642 | Sewer    | Noticed a drowned soul
  2642 | Sewer    | Noticed a drowned soul
  2642 | Sewer    | Killed a drowned soul
  2643 | Sewer    | Noticed a drowned soul
  2644 | Sewer    | Noticed a drowned soul
  2644 | Sewer    | Killed a drowned soul
  2645 | Sewer    | Killed a drowned soul
  2938 | D:4      | Gained mutation: Your spells are a little harder to cast, but a little more powerful. [potion of beneficial mutation]
  2982 | D:4      | Reached skill level 4 in Dodging
  3221 | D:5      | Entered Level 5 of the Dungeon
  3363 | D:5      | Found a deep blue altar of Sif Muna.
  3391 | D:5      | Found a shadowy altar of Dithmenos.
  3593 | D:5      | Reached XP level 7. HP: 52/52 MP: 7/7
  3821 | D:5      | Found a glowing golden altar of the Shining One.
  3828 | D:5      | Reached skill level 5 in Stealth
  4556 | D:6      | Reached skill level 6 in Stealth
  4560 | D:6      | Gained mutation: You are somewhat resistant to further mutation. [mutagenic meat]
  4887 | D:7      | Reached XP level 8. HP: 54/58 MP: 8/8
  4976 | D:7      | Found a sacrificial altar of Ru.
  5036 | D:7      | Reached skill level 1 in Shields
  5127 | D:7      | Gained mutation: You are robust (+10% HP). [potion of mutation]
  5282 | D:8      | Reached skill level 5 in Dodging
  5282 | D:8      | Reached skill level 7 in Stealth
  5646 | D:8      | Found a snail-covered altar of Cheibriados.
  6142 | D:9      | Gained mutation: You have very sharp fingernails. [demonic ancestry]
  6142 | D:9      | Reached XP level 9. HP: 56/72 MP: 9/9
  6208 | D:9      | Found a staircase to the Orcish Mines.
  6232 | D:9      | Reached skill level 8 in Stealth
  6562 | D:10     | Entered Level 10 of the Dungeon
  6661 | D:10     | Found a staircase to the Lair.
  6687 | D:10     | Found Viriud's Distillery.
  6697 | D:10     | Bought a potion of invisibility for 80 gold pieces
  6697 | D:10     | Bought a potion of heal wounds for 50 gold pieces
  7038 | D:10     | Found an iron altar of Okawaru.
  7674 | D:10     | Noticed a komodo dragon
  7678 | D:10     | Killed a komodo dragon
  7678 | D:10     | Reached skill level 9 in Stealth
  7921 | Orc:1    | Entered Level 1 of the Orcish Mines
  8152 | Orc:2    | HP: 2/73 [orc warrior/dire flail of protection (12)]
  8154 | Orc:2    | Mangled by an orc warrior

Vault maps used:
D:1:      onia_arrival_handbag
D:3:      nicolae_overflow_crystal_walls, nemelex_xobeh_ov_fountains_minmay,
          makhleb_altar_promises_db, st_stairs_3
D:4:      minmay_temple_entry_glass, gup_sewer_entry_bowl, first_bread
D:5:      led_sif_pool, kennysheep_little_box, nicolae_tso_swordbearing_angel
D:6:      lemuel_ice_spiral_2
D:7:      lemuel_doored_altar
D:8:      slow_altar_1
D:9:      david_orc_3
D:10:     lair_0_dummy, serial_shops, nicolae_shop_stone,
          okawaru_metal_pillars_1_2
Temple:   triangle_lava_temple_11
Orc:1:    cheibrodos_orc_bank, uniq_harold
Sewer:    sewer_sea

Action                   |  1- 3 |  4- 6 |  7- 9 || total
-------------------------+-------+-------+-------++-------
Melee: Long sword        |    49 |       |       ||    49
       Dagger            |    69 |   171 |   314 ||   554
  Use: Scroll            |       |    13 |     8 ||    21
       Potion            |       |     2 |     4 ||     6
 Stab: Sleeping          |     8 |    22 |    31 ||    61
       Distracted        |     1 |       |     1 ||     2
  Eat: Chunk             |       |       |     2 ||     2
